 Dungeon Crawl Stone Soup version 0.28-a0-1506-g3893175d92 (webtiles) character file.

Game seed: 17820972488911656166

14 cheechan the Skirmisher (level 2, -2/28 HPs)
             Began as a Naga Chaos Knight on Jan 13, 2022.
             Was a Plaything of Xom.
             Slain by a goblin (4 damage)
             ... on level 2 of the Dungeon.
             The game lasted 00:03:01 (709 turns).

cheechan the Skirmisher (Naga Chaos Knight)          Turns: 709, Time: 00:03:02

Health: -2/28      AC:  4    Str: 14    XL:     2   Next: 45%
Magic:  2/2        EV:  5    Int: 12    God:    Xom [..*...]
Gold:   42         SH:  9    Dex: 10    Spells: 1/1 levels left

rFire   . . .      SeeInvis +   a - +0 falchion (chaos)
rCold   . . .      Faith    .   d - +0 tower shield
rNeg    . . .      Spirit   .   b - +2 leather armour
rPois   +          Reflect  .   (no helmet)
rElec   .          Harm     .   (no cloak)
rCorr   .          Rampage  .   (no gloves)
Will    .....                   (no barding)
Stlth   +.........              (no amulet)
HPRegen 0.09/turn               (no ring)
MPRegen 0.08/turn               (no ring)

@: short of breath, invisible, very slow
A: AC +0, large, see invisible, deformed body, poison resistance, slowness 2,
spit poison 1, naga tail 1
a: Spit Poison, Renounce Religion


You were on level 2 of the Dungeon.
You worshipped Xom.
You were a toy of Xom.
You visited 1 branch of the dungeon, and saw 2 of its levels.

You collected 42 gold pieces.

Inventory:

Hand Weapons
 a - a +0 falchion of chaos (weapon)
Armour
 b - a +2 leather armour (worn)
 d - a +0 tower shield (worn)
Scrolls
 c - a scroll of enchant armour {unknown}


   Skills:
 + Level 3.5 Fighting
 + Level 3.1 Long Blades
 + Level 1.7 Armour
 + Level 0.7 Dodging


You had one spell level left.
You didn't know any spells.
Your spell library contained the following spells:

 Spells                   Type           Power      Damage    Failure   Level
 Animate Skeleton         Necr           0%         N/A       98%         1
 Pain                     Necr           0%         1d4       98%         1
 Vampiric Draining        Necr           0%         2d6       100%        3


Dungeon Overview and Level Annotations

Branches:
Dungeon (1/15)

Altars:


Innate Abilities, Weirdness & Mutations

Your serpentine skin is tough. (AC +0)
You have supernaturally acute eyesight. (SInv)
Armour fits poorly on your strangely shaped body.
Your system is resistant to poisons. (rPois)
You cover ground very slowly.
You can spit poison.
You have a snake-like lower body.


Message History

You hit the bat. You freeze the bat.
You kill the bat!
You see here a bat corpse.
A hobgoblin comes into view.
You have got your breath back.
The hobgoblin shouts!
A goblin comes into view. It is wielding a +0 dagger.
The goblin shouts!
You see here a +0 short sword.
You slash the hobgoblin!
You kill the hobgoblin!
You barely miss the goblin. The goblin hits you with a +0 dagger.
You block the goblin's attack.
You completely miss the goblin.
Xom's power touches on a nearby weapon.
The goblin's +0 dagger erupts in a glittering mayhem of colour.
You block the goblin's attack.
You completely miss the goblin.
The goblin hits you but does no damage. x2
You closely miss the goblin.
The goblin hits you with a +3 dagger of chaos.
You fade into invisibility!
Xom thinks this is hilarious!
You hit the goblin. You burn the goblin.
The goblin is severely wounded.
The goblin hits you with a +3 dagger of chaos.
You are electrocuted!!
Ouch! That really hurt!
* * * LOW HITPOINT WARNING * * *
The goblin hits you with a +3 dagger of chaos.
* * * LOW HITPOINT WARNING * * *
You emit a cloud of colourful smoke!
The goblin freezes you.
* * * LOW HITPOINT WARNING * * *
Aiming: Spit Poison (2% risk of failure)
Press: ? - help, Q - select action Shift-Dir - straight line, f - goblin
Aim: a goblin, wielding a +3 dagger of chaos (magical condensation, moderately wounded, 50% to hit)
The splash of poison misses the goblin.
The goblin hits you with a +3 dagger of chaos.
You die... "Boring in life, boring in death..."

#.# ..# ..# .♣.♣#♣#♣#♣
.## ........# .#
#♣.......♣ .# #........#
.# #♣.......♣ .#
#........# . .#
#♣....§§.♣....
.##########..†.§@g......
...........♣.♣.♣.♣.♣....
.##########...#### .. .
.# #..## ... .# #.## ...
.# #.# .. .# ..# # .#
.### .# .


You could see a goblin.

Vanquished Creatures
  2 ball pythons
  3 bats
  An endoplasm (D:1)
  A giant cockroach (D:2)
  A goblin (D:1)
  3 hobgoblins
  2 rats (D:1)
13 creatures vanquished.

Notes
Turn   | Place    | Note
-------+----------+-------------------------------------------
     0 | D:1      | cheechan the Naga Chaos Knight began the quest for the Orb.
     0 | D:1      | Reached XP level 1. HP: 21/21 MP: 1/1
    44 | D:1      | XOM: potion effect (haste)
   126 | D:1      | Reached XP level 2. HP: 28/28 MP: 2/2
   130 | D:1      | XOM: divination: detect creatures
   426 | D:1      | You fall into a shaft and drop 1 floor!
   705 | D:2      | XOM: chaos upgrade
   708 | D:2      | XOM: smoke on damage
   709 | D:2      | Slain by a goblin

Illustrated notes

Levels and vault maps discovered:
D:1:      evilmike_arrival_fibonacci_small, layout_basic, st_stairs_4
D:2:      layout_loops_corners, serial_forest, infiniplex_forest_lined_room_2,
          infiniplex_forest_lined_room_3, infiniplex_forest_straight_4,
          infiniplex_forest_clump_long, infiniplex_forest_lined_room_2,
          infiniplex_forest_lined_room_2, infiniplex_forest_corner_1

Action                   || total
-------------------------++-------
Melee: Falchion          ||    35
 Abil: Spit Poison       ||     6
Armor: Leather armour    ||    27
Dodge: Dodged            ||    10
Block: Tower shield      ||    18

Table legend: (Time is in decaauts)
 A = Elapsed time spent in this place.
 B = Non-inter-level travel time spent in this place.
 C = Inter-level travel time spent in this place.
 D = Time resting spent in this place.
 E = Time spent auto-exploring this place.
 F = Levels seen in this place.
 G = Mean time per level.
                   A        B        C        D        E       F      G
               +--------+--------+--------+--------+--------+-----+--------+
         Total |    958 |    958 |      0 |      0 |      0 |   2 |  479.0 |
       Dungeon |    958 |    958 |      0 |      0 |      0 |   2 |  479.0 |
               +--------+--------+--------+--------+--------+-----+--------+

Top non-repeatable levels by time:
     D:1: 565 daAuts
     D:2: 393 daAuts
